Map: Washout LE

Players

RipNHammer

  • Race: Terran Terran
  • League: Master
  • Spawn Location: 1:00

Din - Winner!

  • Race: Protoss Protoss
  • League: Master
  • Spawn Location: 7:00

VOD

Have the link to the VOD?

Description

Time

  • Played on: Sept. 8, 2026, 6:24 p.m.
  • Length: 9:00
Show
View Real Time Build Order
Export as new Build Order

RipNHammer Terran 

Build Orders: Reaper Expand 

Get SALT Encoding   

  8  0:00  SCV  
  9  0:12  SCV  
  10  0:24  SCV  
  11  0:37  SCV  
  12  0:43  Supply Depot  
  12  0:49  SCV  
  13  0:59  Refinery  
  13  1:04  SCV  
  13  1:06  Barracks  
  14  1:16  SCV  
  15  1:29  SCV  
  16  1:41  SCV  
  17  1:53  Reaper  
  18  1:56  Orbital Command  
  18  2:18  Supply Depot  
  18  2:23  SCV  
  18  2:26  Bunker  
  18  2:29  Command Center  
  19  2:33  Marine  
  19  2:36  SCV  
  21  2:46  Barracks  
  21  2:50  SCV  
  22  2:58  Barracks Reactor  
  22  3:00  Engineering Bay  
  21  3:08  SCV  
  22  3:17  Barracks  
  22  3:22  SCV  
  23  3:33  Bunker  
  24  3:34  SCV  
  24  3:35  Barracks Tech Lab  
  24  3:36  Marine x2  
  26  3:46  SCV  
  27  3:54  Marine  
  27  3:55  Stimpack  
  28  3:58  SCV  
  28  3:59  Marine x2  
  31  4:03  Supply Depot  
  31  4:07  Barracks Tech Lab  
  31  4:09  Orbital Command  
  31  4:10  SCV  
  31  4:13  Marine  
  33  4:19  Marine x2  
  33  4:22  SCV  
  36  4:26  Supply Depot  
  36  4:29  Combat Shield  
  36  4:34  SCV  
  37  4:38  Marine x2  
  37  4:41  SCV  
  37  4:44  Engineering Bay  
  40  4:47  Marine  
  40  4:51  Marine  
  43  4:52  SCV  
  43  4:55  SCV  
  44  5:02  Supply Depot  
  44  5:04  Marine  
  44  5:05  SCV  
  44  5:06  Marine  
  47  5:13  Marauder  
  49  5:16  Marauder  
  49  5:18  SCV  
  52  5:22  Marine, Terran Infantry Weapons Level 1  
  52  5:27  Missile Turret  
  53  5:29  Marine  
  53  5:30  SCV  
  53  5:34  Marauder  
  57  5:37  Marauder  
  57  5:40  Supply Depot  
  59  5:46  SCV x2  
  61  5:51  Supply Depot  
  61  6:02  Marine, Marauder  
  61  6:03  Barracks Tech Lab  
  62  6:05  Barracks Reactor  
  62  6:08  Refinery  
  62  6:09  Barracks  
  62  6:12  Marine  
  62  6:13  SCV  
  62  6:15  Supply Depot  
  62  6:16  Refinery, SCV  
  65  6:20  Barracks  
  65  6:21  Marine  
  65  6:24  Marauder  
  65  6:25  SCV  
  69  6:29  SCV  
  70  6:34  Marine  
  70  6:37  SCV  
  70  6:39  Marine  
  72  6:41  SCV  
  72  6:45  Marine  
  74  6:49  SCV  
  74  6:53  SCV, Marine x2  
  78  6:55  Factory  
  78  6:56  Marine x2  
  78  6:57  Marine  
  81  7:01  SCV  
  81  7:02  Supply Depot, Marine  
  81  7:04  Refinery  
  81  7:05  SCV  
  84  7:09  Missile Turret  
  84  7:11  Marine  
  84  7:13  SCV  
  72  7:16  Marine x4  
  72  7:17  SCV  
  72  7:21  Marauder  
  68  7:23  Marine  
  68  7:29  Marine  
  68  7:33  Marine  
  68  7:34  Marine x2  
  65  7:38  Marine  
  53  7:59  Barracks Tech Lab, Marine  
  53  8:00  Marine x3, Barracks Tech Lab  
  57  8:09  Supply Depot  
  57  8:11  Supply Depot x2  
  57  8:12  Supply Depot  
  56  8:17  Supply Depot  
  56  8:32  Marine x2  
  56  8:33  Marauder  
  63  8:36  Barracks  
  63  8:37  Marine, Marauder  
  63  8:38  Marine  
  64  8:43  Supply Depot  
  64  8:45  Supply Depot  
Show
View Real Time Build Order
Export as new Build Order

Din Protoss - Winner!

Build Orders:  

Get SALT Encoding   

  8  0:00  Probe  
  9  0:12  Probe  
  10  0:24  Probe (Chrono Boost)  
  10  0:28  Pylon  
  11  0:36  Probe (Chrono Boost)  
  12  0:44  Probe (Chrono Boost)  
  13  0:51  Probe  
  13  0:57  Gateway  
  14  1:03  Probe (Chrono Boost)  
  15  1:06  Assimilator  
  15  1:15  Probe (Chrono Boost)  
  16  1:20  Probe (Chrono Boost)  
  17  1:29  Probe  
  18  1:41  Probe  
  19  1:49  Cybernetics Core  
  19  1:53  Probe  
  20  2:00  Pylon  
  20  2:05  Probe  
  20  2:07  Assimilator  
  21  2:18  Probe  
  22  2:25  Pylon  
  22  2:29  Stalker (Chrono Boost)  
  22  2:30  Warp Gate  
  22  2:34  Probe  
  25  2:46  Robotics Facility, Probe  
  26  2:52  Pylon  
  26  2:53  Stalker  
  28  3:13  Probe  
  29  3:20  Stalker  
  31  3:30  Immortal (Chrono Boost)  
  35  3:41  Nexus  
  35  3:52  Sentry  
  37  3:55  Probe  
  38  4:02  Observer  
  38  4:05  Gateway  
  38  4:08  Gateway  
  39  4:19  Probe  
  40  4:24  Shield Battery  
  41  4:31  Immortal (Chrono Boost)  
  44  4:47  Pylon  
  44  4:53  Probe  
  44  4:54  Probe  
  46  5:02  Warp Prism (Chrono Boost)  
  48  5:08  Probe x2  
  50  5:20  Probe  
  50  5:21  Probe, Sentry x2  
  52  5:24  Pylon  
  56  5:41  Robotics Bay  
  56  5:42  Probe x2  
  58  5:45  Assimilator  
  58  5:47  Assimilator  
  58  6:00  Probe x2  
  58  6:03  Immortal (Chrono Boost)  
  64  6:12  Probe  
  64  6:13  Probe  
  64  6:16  Pylon  
  66  6:20  Stalker x3  
  72  6:36  Colossus (Chrono Boost)  
  72  6:42  Probe x2  
  80  6:48  Pylon  
  80  6:53  Adept  
  82  7:05  Nexus  
  82  7:06  Pylon  
  82  7:07  Probe x2  
  76  7:22  Zealot x3  
  70  7:39  Colossus (Chrono Boost)  
  75  7:44  Probe x2  
  73  7:53  Stalker x3  
  79  8:14  Forge x2  
  79  8:16  Probe x2  
  79  8:17  Probe, Pylon  
  82  8:20  Sentry x3  
  94  8:48  Gateway  
  94  8:50  Gateway, Pylon  
  94  8:51  Pylon  
  94  8:58  Stalker x2  
  94  8:59  Stalker  
Tags
 
Matchup
PvT
Replay Pack
RipNHammer
Spawn Locations
Cross Positions
Add a new tag
Caveats
  • Supply blocks, unpowered buildings, or Contaminate may cause inaccurate times.
  • Supply counts are checked every 10 seconds.